 Dungeon Crawl Stone Soup version 0.30.1-8-g117510f58f (webtiles) character file.

Game seed: 13838784403258243652

257 monsoonserge the Digger (level 6, -2/34 HPs)
             Began as a Gargoyle Earth Elementalist on Sept 22, 2023.
             Was an Initiate of Vehumet.
             Shot with an arrow by a centaur (11 damage)
             ... on level 5 of the Dungeon.
             The game lasted 00:11:30 (4407 turns).

monsoonserge the Digger (GrEE)                      Turns: 4407, Time: 00:11:31

Health: -2/34      AC:  6    Str: 11    XL:     6   Next: 16%
Magic:  9/9        EV: 11    Int: 24    God:    Vehumet [......]
Gold:   281        SH:  0    Dex: 10    Spells: 5/9 levels left

rFire   . . .        j - +0 flail
rCold   . . .        (no shield)
rNeg    + . .        u - +0 leather armour
rPois   ∞            G - +0 helmet
rElec   +            (no cloak)
rCorr   .            D - +0 pair of gloves
SInv    .            m - +0 pair of boots
Will    .....        (no amulet)
Stlth   ++           r - +6 ring of intelligence
HPRegen 0.25/turn    (no ring)
MPRegen 0.11/turn

%: no passive effects
@: corroded
A: sickness immunity, AC +4, negative energy resistance 1, electricity
resistance, torment resistance 1, petrification resistance
a: Renounce Religion


You were on level 5 of the Dungeon.
You worshipped Vehumet.
Vehumet was noncommittal.
You visited 2 branches of the dungeon, and saw 6 of its levels.

You collected 281 gold pieces.

Inventory:

Hand Weapons
 d - a +0 spear
 j - a +0 flail (weapon)
Missiles
 E - 2 boomerangs
 F - 5 atropa-tipped darts
Armour
 a - a +0 robe
 g - a +0 ring mail
 h - a +0 scale mail
 m - a +0 pair of boots (worn)
 u - a +0 leather armour (worn)
 D - a +0 pair of gloves (worn)
 G - a +0 helmet (worn)
Magical Staves
 n - a staff of fire
Jewellery
 r - a +6 ring of intelligence (left hand)
 s - a ring of fire
 B - a ring of fire
Scrolls
 c - 8 scrolls of identify {unknown}
 i - 2 scrolls of blinking {unknown}
 l - 4 scrolls of amnesia {unknown}
 v - 5 scrolls of enchant weapon {unknown}
 y - a scroll of fog {unknown}
 z - 2 scrolls of teleportation {unknown}
Potions
 b - a potion of magic
 e - 2 potions of resistance {unknown}
 f - 2 potions of berserk rage {unknown}
 k - a potion of might {unknown}
 o - 2 potions of lignification {unknown}
 p - a potion of haste {unknown}
 q - 2 potions of attraction {unknown}
 t - 2 potions of curing {unknown}
 w - a potion of cancellation {unknown}
 x - a potion of mutation {unknown}
 A - a potion of degeneration {unknown}
 C - 2 potions of ambrosia {unknown}
 H - a potion of heal wounds {unknown}


   Skills:
 + Level 1.1 Fighting
 + Level 1.4 Maces & Flails
 + Level 0.4 Polearms
 * Level 1.5 Armour
 + Level 1.7 Dodging
 + Level 2.6 Stealth
 - Level 2.0 Spellcasting
 * Level 1.9 Conjurations
 + Level 0.7 Transmutations
 + Level 6.4 Earth Magic


You had 5 spell levels left.
You knew the following spells:

 Your Spells              Type           Power      Damage    Failure   Level
a - Sandblast             Erth           66%        2d15      1%          1
b - Stone Arrow           Conj/Erth      44%        3d9       9%          3

Your spell library contained the following spells:

 Spells                   Type           Power      Damage    Failure   Level
 Passwall                 Tmut/Erth      15%        N/A       5%          2
 Magic Dart               Conj           44%        1d5       7%          1
 Searing Ray              Conj           22%        2d5       11%         2
 Petrify                  Tmut/Erth      19%        N/A       34%         4
 Fulminant Prism          Conj/Hex       3%         3d5       71%         4


Dungeon Overview and Level Annotations

Branches:
Dungeon (5/15)             Temple (1/1) D:4

Altars:
Cheibriados
Dithmenos
Elyvilon
Fedhas
Gozag
Hepliaklqana
Kikubaaqudgha
Makhleb
Nemelex Xobeh
Okawaru
Ru
Sif Muna
Uskayaw
Vehumet
Wu Jian
Xom
Zin
The Shining One


Innate Abilities, Weirdness & Mutations

You are immune to sickness and miasma.
Your stone body is resilient. (AC +4)
You are immune to poison.
You resist negative energy. (rN+)
You are resistant to electric shocks. (rElec)
You are resistant to unholy torment.
You are immune to petrification.


Message History

You have reached level 6!
Okay, then.
Magic restored.
A jelly comes into view.
Casting: Sandblast (safe; 1% risk of failure)
Confirm with . or Enter, or press ? or * to list all spells.
You can't see any susceptible monsters within range! (Use Z to cast anyway.) Unknown command.
Casting: Sandblast (safe; 1% risk of failure)
Confirm with . or Enter, or press ? or * to list all spells.
Aiming: Sandblast (safe; 1% risk of failure)
Press: ? - help, Shift-Dir - straight line, f - jelly
Aim: a jelly (asleep, 100% to hit)
The blast of sand hits the jelly!
The jelly is almost dead.
The jelly quivers.
Casting: Sandblast (safe; 1% risk of failure)
Confirm with . or Enter, or press ? or * to list all spells.
Aiming: Sandblast (safe; 1% risk of failure)
Press: ? - help, Shift-Dir - straight line, f/p - jelly
Aim: a jelly (almost dead, 100% to hit)
The blast of sand hits the jelly!
You kill the jelly!
Vehumet accepts your kill.
Unknown command.
Magic restored.
An iguana, an acid dragon and a scorpion come into view.
An orc wizard and an iguana come into view.
An orc and a centaur come into view.
The iguana hisses angrily.
You hear a shout!
The orc wizard shouts!
You hear a shout!
The acid dragon spits acid at you. The splash of acid hits you!!
Ouch! That really hurt!
The acid corrodes you!
The centaur wields a +0 shortbow.
The centaur shoots an arrow.
The arrow hits you.
* * * LOW HITPOINT WARNING * * *
The centaur shoots an arrow.
The arrow hits you!
You die...

....o... ... ####
....s..c #.### .
...D..#.... #.#
#..#..# .. #...# .
###.# #.# #.#
#@################
#.................
##################


You could see a centaur.

Vanquished Creatures
  A hound (D:5)
  A jelly (D:5)
  An orc priest (D:3)
  A gnoll (D:1)
  6 adders
  3 worms
  4 orcs (D:3)
  9 endoplasms
  13 giant cockroaches
  5 goblins
  11 hobgoblins
  A jackal (D:3)
  6 kobolds
  2 quokkas
  6 ball pythons
  7 bats
  3 frilled lizards
  8 rats
88 creatures vanquished.

Notes
Turn   | Place    | Note
-------+----------+-------------------------------------------
     0 | D:1      | monsoonserge the Gargoyle Earth Elementalist began the
                  | quest for the Orb.
     0 | D:1      | Reached XP level 1. HP: 10/10 MP: 3/3
   138 | D:1      | Reached skill level 4 in Earth Magic
   221 | D:1      | Reached XP level 2. HP: 15/15 MP: 3/5
   383 | D:1      | Reached XP level 3. HP: 14/19 MP: 2/6
  1083 | D:2      | Reached skill level 5 in Earth Magic
  1629 | D:2      | Reached XP level 4. HP: 23/24 MP: 5/7
  1738 | D:2      | Learned a level 3 spell: Stone Arrow
  2156 | D:3      | Found an ornate altar of the Wu Jian Council.
  2184 | D:3      | Reached skill level 1 in Conjurations
  2192 | D:3      | Reached XP level 5. HP: 24/28 MP: 0/8
  2341 | D:3      | Reached skill level 6 in Earth Magic
  2658 | D:3      | Reached skill level 1 in Armour
  3100 | D:3      | Found a burning altar of Makhleb.
  3216 | D:4      | Found a staircase to the Ecumenical Temple.
  3222 | Temple   | Entered the Ecumenical Temple
  3392 | Temple   | Became a worshipper of Vehumet
  3734 | D:4      | Found an ancient bone altar of Kikubaaqudgha.
  3734 | D:4      | Found a sparkling altar of Nemelex Xobeh.
  4106 | D:4      | Found a glowing golden altar of the Shining One.
  4106 | D:4      | Found a glowing silver altar of Zin.
  4106 | D:4      | Found a white marble altar of Elyvilon.
  4148 | D:5      | Entered Level 5 of the Dungeon
  4232 | D:5      | Reached skill level 1 in Maces & Flails
  4348 | D:5      | Reached skill level 1 in Fighting
  4348 | D:5      | Reached XP level 6. HP: 34/34 MP: 7/9
  4401 | D:5      | Noticed an acid dragon
  4407 | D:5      | Shot with an arrow by a centaur

Illustrated notes

Levels and vault maps discovered:
D:1:      minmay_arrival_shattered_statue, layout_basic,
          kennysheep_pointless_box
D:2:      layout_loops_ring, serial_glass, glass_columns_b, glass_columns_b,
          glass_columns_c, glass_columns_a, glass_columns_a, glass_columns_a,
          glass_columns_a, glass_columns_c, minmay_joined_circles
D:3:      minmay_roachtagon, layout_loops_corners, mainiacjoe_overflow_24_doors,
          lightli_temple_of_fire, kennysheep_generic_room_6
D:4:      layout_cave_pods, good_gods_mini_temple,
          mainiacjoe_overflow_large_starburst, minmay_temple_entry_hall,
          moated_statue, minmay_misc_feat_chi
D:5:      layout_basic, minmay_manual_moon
Temple:   nicolae_temple_bog_church

Skill      XL: |  1  2  3  4  5 |
---------------+----------------+-----
Earth Magic    | 4 5 6 |  6.4
Conjurations   | 1 |  1.9
Armour         | 1 |  1.5
Maces & Flails | 1 |  1.4
Fighting       | 1 |  1.1
Polearms       | |  0.4
Dodging        | |  1.7
Stealth        | |  2.6
Spellcasting   | |  2.0
Transmutations | |  0.7

Action                     |  1- 3 |  4- 6 || total
---------------------------+-------+-------++-------
  Melee: Spear             |     4 |       ||     4
         Flail             |     6 |    69 ||    75
   Cast: Sandblast         |    35 |    61 ||    96
   Stab: Sleeping          |       |     1 ||     1
 Armour: Robe              |     5 |     8 ||    13
         Leather armour    |       |    54 ||    54
  Dodge: Dodged            |    14 |    65 ||    79
